[ AOE2 MATCH · #473590662 ]
UnrankedFranks vs Bulgarians
[ REPLAY ANALYSIS · EXTRACTED FROM THE RECORDED GAME ]
Feudal
10:57
Castle
22:15
Imperial
—
| APM avg | 20.7 |
| APM peak | 43 |
| eAPM avg | 12.8 |
| Villagers / military | 74 / 43 |
Focus
⚔️ 24.2% · 🌾 75.8%
Knight ×32 · Scout Cavalry ×5 · Spearman ×3 · Battering Ram ×3
Feudal
8:16
Castle
22:29
Imperial
—
| APM avg | 64.4 |
| APM peak | 115 |
| eAPM avg | 29.8 |
| Villagers / military | 78 / 81 |
Focus
⚔️ 46.0% · 🌾 54.0%
Archer ×62 · Spearman ×11 · Battering Ram ×4 · Mangonel ×2 · Cavalry Archer ×2
Feudal
11:37
Castle
15:11
Imperial
—
| APM avg | 51.8 |
| APM peak | 70 |
| eAPM avg | 25.0 |
| Villagers / military | 106 / 45 |
Focus
⚔️ 28.3% · 🌾 71.7%
Konnik ×45
Feudal
10:06
Castle
20:57
Imperial
—
| APM avg | 67.2 |
| APM peak | 163 |
| eAPM avg | 21.8 |
| Villagers / military | 55 / 70 |
Focus
⚔️ 28.3% · 🌾 71.7%
Archer ×70
Match map
Initial resources + every placement click. Lines = walls · curves = elevation contours. ◆ gold · ⬟ stone · ● berries · ✦ relic · ◌ wall gap
Your base
Grand Nagus's base
Xyrr's base
skik's base
Smoothed initial terrain · ◌ = detected wall gap · hover for details
Inputs per minute
— Anglo Nubian - - Grand Nagus
Build order — Anglo Nubian
First 150 of 210 actions detected
| 0:02 | Queue | Villager (Male) |
| 0:02 | Queue | Villager (Male) |
| 0:04 | Build | House |
| 0:05 | Build | House |
| 0:08 | Queue | Villager (Male) |
| 0:08 | Queue | Villager (Male) |
| 1:28 | Queue | Villager (Male) |
| 1:29 | Queue | Villager (Male) |
| 2:09 | Build | Lumber Camp |
| 2:11 | Queue | Villager (Male) |
| 2:11 | Queue | Villager (Male) |
| 2:20 | Queue | Villager (Male) |
| 2:53 | Queue | Villager (Male) |
| 2:53 | Queue | Villager (Male) |
| 3:08 | Queue | Villager (Male) |
| 3:31 | Build | House |
| 4:00 | Queue | Villager (Male) |
| 4:20 | Build | Mill |
| 4:21 | Queue | Villager (Male) |
| 4:36 | Build | Palisade Wall |
| 4:42 | Build | Palisade Wall |
| 4:59 | Build | Palisade Gate |
| 5:01 | Build | House |
| 5:07 | Build | House |
| 5:08 | Queue | Villager (Male) |
| 5:09 | Queue | Villager (Male) |
| 5:29 | Queue | Villager (Male) |
| 6:05 | Queue | Villager (Male) |
| 6:47 | Queue | Villager (Male) |
| 6:51 | Queue | Villager (Male) |
| 6:52 | Research | Loom |
| 8:06 | Queue | Villager (Male) |
| 8:38 | Build | Mining Camp |
| 8:47 | Research | Feudal Age |
| 9:17 | Build | Outpost |
| 9:23 | Queue | Villager (Male) |
| 9:45 | Build | Barracks |
| 10:29 | Build | Lumber Camp |
| 10:41 | Build | Barracks |
| 10:57 | Age | Feudal Age |
| 11:16 | Queue | Villager (Male) |
| 11:17 | Queue | Villager (Male) |
| 11:37 | Build | Farm |
| 11:37 | Build | Farm |
| 11:38 | Build | Farm |
| 11:38 | Build | Farm |
| 11:52 | Build | House |
| 12:08 | Build | Farm |
| 12:09 | Queue | Villager (Male) |
| 12:09 | Queue | Villager (Male) |
| 12:18 | Queue | Villager (Male) |
| 12:34 | Queue | Villager (Male) |
| 12:37 | Queue | Villager (Male) |
| 12:48 | Build | Farm |
| 13:11 | Build | Stable |
| 13:20 | Build | Farm |
| 13:29 | Queue | Villager (Male) |
| 13:29 | Queue | Villager (Male) |
| 13:48 | Build | Farm |
| 13:50 | Queue | Villager (Male) |
| 14:08 | Queue | Scout Cavalry |
| 14:09 | Queue | Scout Cavalry |
| 14:09 | Queue | Scout Cavalry |
| 14:10 | Queue | Scout Cavalry |
| 14:13 | Build | Farm |
| 14:17 | Build | House |
| 14:26 | Research | Town Watch |
| 14:32 | Queue | Villager (Male) |
| 14:43 | Build | House |
| 14:45 | Queue | Villager (Male) |
| 14:53 | Queue | Villager (Male) |
| 15:01 | Build | Farm |
| 15:01 | Build | Farm |
| 15:02 | Build | Farm |
| 15:02 | Build | Farm |
| 15:02 | Build | Farm |
| 15:02 | Build | Farm |
| 15:04 | Build | Farm |
| 15:04 | Build | Farm |
| 15:14 | Build | Farm |
| 15:20 | Queue | Scout Cavalry |
| 15:27 | Queue | Villager (Male) |
| 15:39 | Build | Mining Camp |
| 15:40 | Queue | Villager (Male) |
| 15:41 | Queue | Villager (Male) |
| 16:04 | Queue | Villager (Male) |
| 16:12 | Build | Farm |
| 16:12 | Build | Farm |
| 16:12 | Build | Farm |
| 16:12 | Build | Farm |
| 16:23 | Queue | Villager (Male) |
| 16:43 | Build | Outpost |
| 16:48 | Queue | Villager (Male) |
| 16:49 | Queue | Villager (Male) |
| 16:52 | Build | Farm |
| 16:53 | Build | Farm |
| 16:53 | Build | Farm |
| 16:57 | Build | House |
| 16:58 | Build | House |
| 17:00 | Queue | Villager (Male) |
| 17:06 | Queue | Villager (Male) |
| 18:04 | Queue | Villager (Male) |
| 18:08 | Build | Farm |
| 18:19 | Build | House |
| 18:23 | Build | Mill |
| 18:46 | Build | Market |
| 19:07 | Queue | Villager (Male) |
| 19:15 | Queue | Villager (Male) |
| 19:34 | Research | Castle Age |
| 19:42 | Queue | Spearman |
| 19:42 | Queue | Spearman |
| 19:57 | Build | Farm |
| 19:57 | Build | Farm |
| 19:58 | Build | Farm |
| 19:58 | Build | Farm |
| 19:58 | Build | Farm |
| 19:58 | Build | Farm |
| 19:59 | Build | Farm |
| 20:10 | Research | Double-Bit Axe |
| 20:37 | Queue | Spearman |
| 20:43 | Build | House |
| 20:44 | Build | House |
| 21:10 | Build | Stable |
| 21:11 | Build | Stable |
| 21:52 | Build | Blacksmith |
| 22:10 | Queue | Villager (Male) |
| 22:10 | Queue | Villager (Male) |
| 22:15 | Age | Castle Age |
| 22:28 | Build | Castle |
| 22:34 | Research | Husbandry |
| 22:35 | Queue | Knight |
| 22:35 | Queue | Knight |
| 22:38 | Queue | Villager (Male) |
| 22:41 | Queue | Villager (Male) |
| 22:42 | Queue | Villager (Male) |
| 23:05 | Build | House |
| 23:15 | Build | House |
| 23:41 | Build | Town Center |
| 23:42 | Queue | Villager (Male) |
| 23:42 | Queue | Villager (Male) |
| 23:53 | Queue | Knight |
| 23:54 | Queue | Knight |
| 23:54 | Queue | Knight |
| 24:01 | Queue | Villager (Male) |
| 24:17 | Queue | Villager (Male) |
| 24:29 | Queue | Knight |
| 24:30 | Queue | Knight |
| 24:30 | Queue | Knight |
| 24:31 | Queue | Knight |
| 24:31 | Queue | Knight |
Build order — Grand Nagus
First 150 of 241 actions detected
| 0:02 | Build | House |
| 0:02 | Queue | Villager (Male) |
| 0:03 | Build | House |
| 0:08 | Queue | Villager (Male) |
| 0:10 | Queue | Villager (Male) |
| 0:12 | Queue | Villager (Male) |
| 1:18 | Queue | Villager (Male) |
| 1:59 | Queue | Villager (Male) |
| 1:59 | Queue | Villager (Male) |
| 2:08 | Queue | Villager (Male) |
| 2:08 | Queue | Villager (Male) |
| 2:12 | Build | Lumber Camp |
| 2:19 | Queue | Villager (Male) |
| 2:37 | Queue | Villager (Male) |
| 2:56 | Queue | Villager (Male) |
| 3:30 | Build | House |
| 3:47 | Queue | Villager (Male) |
| 5:10 | Build | Mining Camp |
| 5:16 | Queue | Villager (Male) |
| 5:17 | Queue | Villager (Male) |
| 5:53 | Research | Feudal Age |
| 6:52 | Build | Barracks |
| 7:38 | Build | House |
| 8:06 | Queue | Villager (Male) |
| 8:16 | Age | Feudal Age |
| 8:17 | Queue | Villager (Male) |
| 8:19 | Build | Archery Range |
| 8:22 | Build | Archery Range |
| 8:23 | Build | Palisade Wall |
| 8:24 | Build | Palisade Wall |
| 8:42 | Queue | Villager (Male) |
| 9:05 | Build | House |
| 9:06 | Build | House |
| 9:13 | Queue | Archer |
| 9:24 | Queue | Archer |
| 9:27 | Queue | Villager (Male) |
| 9:36 | Build | Mill |
| 9:37 | Queue | Villager (Male) |
| 9:48 | Research | Loom |
| 9:56 | Queue | Archer |
| 9:59 | Queue | Archer |
| 9:59 | Queue | Archer |
| 10:05 | Queue | Villager (Male) |
| 10:15 | Queue | Archer |
| 10:15 | Queue | Archer |
| 10:15 | Queue | Archer |
| 10:35 | Queue | Archer |
| 10:48 | Queue | Archer |
| 11:08 | Queue | Archer |
| 11:08 | Queue | Archer |
| 11:08 | Queue | Archer |
| 11:16 | Queue | Villager (Male) |
| 11:16 | Queue | Villager (Male) |
| 11:27 | Build | Blacksmith |
| 11:28 | Queue | Villager (Male) |
| 11:34 | Queue | Archer |
| 11:45 | Queue | Villager (Male) |
| 12:13 | Research | Fletching |
| 12:13 | Research | Fletching |
| 12:13 | Queue | Villager (Male) |
| 12:28 | Queue | Archer |
| 12:28 | Queue | Archer |
| 12:35 | Queue | Archer |
| 12:39 | Build | House |
| 12:41 | Queue | Villager (Male) |
| 12:41 | Queue | Villager (Male) |
| 13:00 | Queue | Archer |
| 13:00 | Queue | Archer |
| 13:05 | Queue | Villager (Male) |
| 13:08 | Build | House |
| 13:09 | Build | House |
| 13:10 | Build | House |
| 13:10 | Build | House |
| 13:11 | Queue | Archer |
| 13:12 | Queue | Villager (Male) |
| 13:25 | Research | Double-Bit Axe |
| 13:25 | Research | Double-Bit Axe |
| 13:28 | Queue | Villager (Male) |
| 13:37 | Build | House |
| 13:42 | Queue | Archer |
| 13:42 | Queue | Archer |
| 13:42 | Queue | Archer |
| 13:54 | Queue | Archer |
| 13:54 | Queue | Villager (Male) |
| 14:01 | Queue | Villager (Male) |
| 14:05 | Queue | Archer |
| 14:16 | Queue | Villager (Male) |
| 14:25 | Build | Farm |
| 14:32 | Queue | Villager (Male) |
| 14:33 | Queue | Villager (Male) |
| 14:33 | Queue | Villager (Male) |
| 14:37 | Queue | Archer |
| 14:48 | Build | Farm |
| 14:48 | Queue | Villager (Male) |
| 14:53 | Queue | Villager (Male) |
| 14:54 | Queue | Villager (Male) |
| 15:04 | Queue | Archer |
| 15:04 | Queue | Archer |
| 15:13 | Queue | Archer |
| 15:16 | Queue | Spearman |
| 15:16 | Queue | Spearman |
| 15:25 | Queue | Archer |
| 15:25 | Queue | Archer |
| 15:36 | Build | Farm |
| 15:36 | Build | Farm |
| 15:36 | Queue | Villager (Male) |
| 15:57 | Queue | Villager (Male) |
| 15:58 | Build | Farm |
| 15:59 | Queue | Villager (Male) |
| 16:03 | Queue | Spearman |
| 16:17 | Build | Farm |
| 16:27 | Queue | Villager (Male) |
| 16:27 | Queue | Villager (Male) |
| 16:28 | Queue | Villager (Male) |
| 16:31 | Build | House |
| 16:32 | Build | House |
| 16:38 | Queue | Archer |
| 16:38 | Queue | Archer |
| 16:55 | Queue | Villager (Male) |
| 16:57 | Build | Farm |
| 17:21 | Queue | Archer |
| 17:21 | Queue | Archer |
| 17:32 | Queue | Villager (Male) |
| 17:40 | Queue | Archer |
| 17:49 | Queue | Villager (Male) |
| 17:52 | Queue | Archer |
| 17:52 | Queue | Archer |
| 18:07 | Queue | Villager (Male) |
| 18:12 | Build | House |
| 18:34 | Queue | Archer |
| 18:34 | Queue | Villager (Male) |
| 18:38 | Build | Market |
| 18:48 | Queue | Archer |
| 18:48 | Queue | Archer |
| 18:56 | Queue | Spearman |
| 18:56 | Queue | Spearman |
| 19:04 | Queue | Villager (Male) |
| 19:12 | Build | Lumber Camp |
| 19:49 | Research | Castle Age |
| 19:49 | Research | Castle Age |
| 19:54 | Research | Horse Collar |
| 19:55 | Research | Horse Collar |
| 20:19 | Queue | Archer |
| 20:19 | Queue | Archer |
| 20:20 | Queue | Archer |
| 20:33 | Queue | Archer |
| 20:33 | Queue | Archer |
| 20:54 | Queue | Spearman |
| 20:55 | Queue | Spearman |
| 21:00 | Queue | Archer |
Build order — Xyrr
First 150 of 275 actions detected
| 0:01 | Queue | Villager (Male) |
| 0:01 | Queue | Villager (Male) |
| 0:02 | Build | House |
| 0:02 | Build | House |
| 0:03 | Queue | Villager (Male) |
| 0:03 | Queue | Villager (Male) |
| 0:19 | Build | House |
| 1:31 | Queue | Villager (Male) |
| 1:45 | Build | Lumber Camp |
| 1:52 | Queue | Villager (Male) |
| 2:22 | Queue | Villager (Male) |
| 2:48 | Queue | Villager (Male) |
| 3:03 | Queue | Villager (Male) |
| 3:47 | Queue | Villager (Male) |
| 4:09 | Queue | Villager (Male) |
| 4:24 | Queue | Villager (Male) |
| 4:53 | Build | Palisade Wall |
| 5:09 | Build | Palisade Wall |
| 5:17 | Queue | Villager (Male) |
| 5:17 | Queue | Villager (Male) |
| 5:18 | Queue | Villager (Male) |
| 5:30 | Build | Palisade Wall |
| 5:33 | Queue | Villager (Male) |
| 5:37 | Build | Mill |
| 5:43 | Queue | Villager (Male) |
| 5:51 | Build | House |
| 6:00 | Build | Palisade Gate |
| 6:20 | Build | House |
| 6:47 | Build | Farm |
| 6:49 | Build | Farm |
| 7:10 | Queue | Villager (Male) |
| 7:23 | Queue | Villager (Male) |
| 7:56 | Build | Lumber Camp |
| 8:05 | Queue | Villager (Male) |
| 8:19 | Queue | Villager (Male) |
| 8:29 | Build | Palisade Wall |
| 8:51 | Build | Mining Camp |
| 8:53 | Queue | Villager (Male) |
| 9:24 | Research | Feudal Age |
| 9:31 | Build | Mining Camp |
| 9:49 | Build | Palisade Gate |
| 9:50 | Build | Palisade Wall |
| 10:00 | Queue | Villager (Male) |
| 10:32 | Queue | Villager (Male) |
| 11:11 | Queue | Villager (Male) |
| 11:37 | Age | Feudal Age |
| 11:40 | Build | Market |
| 11:52 | Build | Blacksmith |
| 12:30 | Build | Stone Wall |
| 12:31 | Research | Castle Age |
| 12:35 | Build | Stone Wall |
| 12:57 | Research | Double-Bit Axe |
| 13:01 | Build | Farm |
| 13:26 | Research | Horse Collar |
| 14:04 | Build | House |
| 14:19 | Queue | Villager (Male) |
| 14:44 | Build | Farm |
| 14:51 | Research | Scale Barding Armor |
| 15:11 | Age | Castle Age |
| 15:15 | Build | Krepost |
| 15:17 | Queue | Villager (Male) |
| 15:23 | Build | Town Center |
| 15:27 | Queue | Villager (Male) |
| 15:37 | Research | Chain Barding Armor |
| 15:40 | Build | Farm |
| 15:54 | Queue | Villager (Male) |
| 16:00 | Build | Farm |
| 16:02 | Build | Farm |
| 16:05 | Queue | Villager (Male) |
| 16:08 | Research | Loom |
| 16:22 | Build | Farm |
| 16:26 | Queue | Villager (Male) |
| 16:38 | Queue | Konnik |
| 16:42 | Build | Farm |
| 16:47 | Build | Farm |
| 17:00 | Queue | Villager (Male) |
| 17:13 | Build | Farm |
| 17:13 | Queue | Konnik |
| 17:27 | Build | Farm |
| 17:30 | Queue | Villager (Male) |
| 17:30 | Queue | Villager (Male) |
| 17:41 | Build | Farm |
| 17:50 | Queue | Villager (Male) |
| 17:54 | Build | Farm |
| 18:00 | Queue | Konnik |
| 18:04 | Build | Farm |
| 18:14 | Queue | Villager (Male) |
| 18:14 | Queue | Villager (Male) |
| 18:22 | Build | Farm |
| 18:26 | Queue | Villager (Male) |
| 18:29 | Build | Farm |
| 18:29 | Queue | Villager (Male) |
| 18:46 | Queue | Villager (Male) |
| 18:48 | Build | Farm |
| 18:57 | Queue | Konnik |
| 19:00 | Build | Farm |
| 19:11 | Queue | Villager (Male) |
| 19:14 | Build | Building 487 |
| 19:21 | Queue | Villager (Male) |
| 19:21 | Queue | Villager (Male) |
| 19:26 | Build | Farm |
| 19:30 | Queue | Villager (Male) |
| 19:40 | Queue | Konnik |
| 19:43 | Build | Farm |
| 19:50 | Build | Farm |
| 19:53 | Queue | Villager (Male) |
| 20:03 | Queue | Villager (Male) |
| 20:07 | Build | Farm |
| 20:08 | Queue | Konnik |
| 20:12 | Queue | Villager (Male) |
| 20:31 | Queue | Villager (Male) |
| 20:32 | Queue | Villager (Male) |
| 20:38 | Queue | Konnik |
| 20:44 | Queue | Villager (Male) |
| 20:50 | Queue | Villager (Male) |
| 20:52 | Build | Farm |
| 20:58 | Build | Farm |
| 20:58 | Build | Farm |
| 20:58 | Build | Farm |
| 20:58 | Build | Farm |
| 21:03 | Queue | Villager (Male) |
| 21:04 | Queue | Konnik |
| 21:17 | Queue | Villager (Male) |
| 21:28 | Queue | Villager (Male) |
| 21:38 | Queue | Villager (Male) |
| 21:38 | Queue | Konnik |
| 21:47 | Build | House |
| 21:48 | Build | House |
| 21:51 | Queue | Villager (Male) |
| 21:55 | Queue | Villager (Male) |
| 21:56 | Build | House |
| 21:57 | Build | House |
| 22:07 | Queue | Villager (Male) |
| 22:08 | Build | House |
| 22:09 | Build | House |
| 22:11 | Queue | Konnik |
| 22:15 | Build | Farm |
| 22:16 | Build | Farm |
| 22:24 | Queue | Villager (Male) |
| 22:30 | Queue | Konnik |
| 22:40 | Queue | Villager (Male) |
| 22:42 | Queue | Villager (Male) |
| 23:01 | Queue | Konnik |
| 23:04 | Queue | Villager (Male) |
| 23:08 | Queue | Villager (Male) |
| 23:15 | Build | Farm |
| 23:25 | Queue | Villager (Male) |
| 23:30 | Queue | Konnik |
| 23:42 | Queue | Villager (Male) |
| 23:44 | Build | House |
Build order — skik
First 150 of 189 actions detected
| 0:01 | Queue | Villager (Male) |
| 0:01 | Queue | Villager (Male) |
| 0:01 | Queue | Villager (Male) |
| 0:02 | Build | House |
| 0:03 | Build | House |
| 1:12 | Queue | Villager (Male) |
| 1:30 | Queue | Villager (Male) |
| 1:51 | Build | Lumber Camp |
| 1:53 | Queue | Villager (Male) |
| 2:03 | Queue | Villager (Male) |
| 2:53 | Queue | Villager (Male) |
| 3:02 | Queue | Villager (Male) |
| 3:03 | Queue | Villager (Male) |
| 3:22 | Queue | Villager (Male) |
| 3:55 | Build | House |
| 4:07 | Build | Palisade Wall |
| 4:14 | Queue | Villager (Male) |
| 4:15 | Queue | Villager (Male) |
| 4:23 | Queue | Villager (Male) |
| 4:29 | Queue | Villager (Male) |
| 4:37 | Build | Palisade Wall |
| 4:45 | Build | Mill |
| 4:53 | Queue | Villager (Male) |
| 5:10 | Build | Palisade Wall |
| 5:14 | Build | Palisade Wall |
| 5:15 | Build | Palisade Wall |
| 5:43 | Build | Palisade Wall |
| 6:27 | Research | Loom |
| 6:29 | Build | House |
| 6:35 | Build | Palisade Wall |
| 6:36 | Build | Palisade Wall |
| 6:42 | Queue | Villager (Male) |
| 7:10 | Queue | Villager (Male) |
| 7:33 | Research | Feudal Age |
| 7:41 | Build | Mining Camp |
| 8:08 | Build | Lumber Camp |
| 9:02 | Queue | Villager (Male) |
| 9:02 | Queue | Villager (Male) |
| 9:36 | Build | Barracks |
| 10:06 | Age | Feudal Age |
| 10:20 | Queue | Villager (Male) |
| 11:07 | Queue | Villager (Male) |
| 11:18 | Build | Archery Range |
| 11:22 | Build | Blacksmith |
| 11:24 | Build | House |
| 11:25 | Research | Double-Bit Axe |
| 11:49 | Build | House |
| 11:58 | Queue | Villager (Male) |
| 12:01 | Build | Farm |
| 12:01 | Build | Farm |
| 12:01 | Build | Farm |
| 12:02 | Build | Farm |
| 12:03 | Build | Farm |
| 12:06 | Research | Horse Collar |
| 12:10 | Queue | Archer |
| 12:18 | Queue | Archer |
| 12:24 | Queue | Villager (Male) |
| 12:31 | Build | Farm |
| 12:36 | Build | Farm |
| 12:38 | Queue | Villager (Male) |
| 12:43 | Build | Farm |
| 12:45 | Build | Farm |
| 12:47 | Queue | Archer |
| 13:06 | Queue | Villager (Male) |
| 13:12 | Build | Farm |
| 13:21 | Queue | Archer |
| 13:32 | Queue | Villager (Male) |
| 13:50 | Queue | Archer |
| 13:51 | Queue | Villager (Male) |
| 13:54 | Build | Farm |
| 14:03 | Build | House |
| 14:29 | Build | House |
| 14:35 | Queue | Villager (Male) |
| 14:36 | Queue | Archer |
| 14:47 | Build | Farm |
| 14:52 | Queue | Villager (Male) |
| 14:55 | Build | House |
| 14:58 | Build | House |
| 15:00 | Build | House |
| 15:05 | Build | Farm |
| 15:08 | Build | Farm |
| 15:13 | Queue | Archer |
| 15:27 | Build | Farm |
| 15:31 | Queue | Villager (Male) |
| 15:33 | Build | Farm |
| 15:59 | Build | House |
| 16:00 | Queue | Villager (Male) |
| 16:01 | Queue | Archer |
| 16:03 | Build | Farm |
| 16:12 | Build | Farm |
| 16:22 | Queue | Villager (Male) |
| 16:43 | Build | Stone Wall |
| 17:14 | Build | Stone Wall |
| 17:51 | Build | Stone Wall |
| 17:52 | Queue | Villager (Male) |
| 17:54 | Research | Castle Age |
| 18:16 | Queue | Archer ×4 |
| 18:19 | Build | Archery Range |
| 18:40 | Build | Archery Range |
| 18:47 | Research | Gold Mining |
| 18:55 | Build | Stone Wall |
| 19:02 | Build | Stone Wall |
| 19:05 | Queue | Villager (Male) |
| 19:35 | Queue | Archer ×5 |
| 19:42 | Build | Building 490 |
| 20:26 | Queue | Archer ×5 |
| 20:36 | Build | Mining Camp |
| 20:44 | Research | Fletching |
| 20:52 | Queue | Villager (Male) |
| 20:57 | Age | Castle Age |
| 21:04 | Research | Bodkin Arrow |
| 21:33 | Research | Crossbowman (upgrade) |
| 21:35 | Queue | Villager (Male) |
| 21:51 | Queue | Archer |
| 21:52 | Queue | Archer |
| 22:05 | Queue | Archer ×2 |
| 22:06 | Queue | Villager (Male) |
| 22:16 | Build | Mining Camp |
| 22:21 | Queue | Villager (Male) |
| 22:22 | Queue | Archer |
| 22:32 | Queue | Archer |
| 23:10 | Queue | Villager (Male) |
| 23:11 | Queue | Villager (Male) |
| 23:12 | Queue | Archer ×3 |
| 23:21 | Build | House |
| 23:24 | Build | House |
| 23:48 | Queue | Villager (Male) |
| 23:48 | Queue | Villager (Male) |
| 23:49 | Queue | Archer ×2 |
| 23:58 | Build | University |
| 24:09 | Queue | Archer ×2 |
| 24:26 | Queue | Archer |
| 24:47 | Queue | Villager (Male) |
| 24:48 | Queue | Archer ×4 |
| 24:50 | Build | House |
| 25:11 | Research | Ballistics |
| 25:37 | Queue | Archer ×4 |
| 25:38 | Queue | Villager (Male) |
| 25:38 | Queue | Villager (Male) |
| 25:43 | Build | House |
| 25:44 | Build | House |
| 25:58 | Build | Outpost |
| 25:59 | Build | Outpost |
| 26:00 | Build | Outpost |
| 26:06 | Research | Town Watch |
| 26:09 | Queue | Archer ×4 |
| 26:29 | Queue | Villager (Male) |
| 26:30 | Queue | Archer |
| 26:40 | Build | Outpost |
| 27:09 | Build | Outpost |
Match timeline
| 4:07 | skik · wall_segment Palisade Wall x1 |
| 4:36 | Anglo Nubian · wall_segment Palisade Wall x4 |
| 4:37 | skik · wall_segment Palisade Wall x12 |
| 4:42 | Anglo Nubian · wall_segment Palisade Wall x3 |
| 4:53 | Xyrr · wall_segment Palisade Wall x3 |
| 5:09 | Xyrr · wall_segment Palisade Wall x4 |
| 5:10 | skik · wall_segment Palisade Wall x1 |
| 5:14 | skik · wall_segment Palisade Wall x1 |
| 5:15 | skik · wall_segment Palisade Wall x1 |
| 5:30 | Xyrr · wall_segment Palisade Wall x6 |
| 5:43 | skik · wall_segment Palisade Wall x4 |
| 6:35 | skik · wall_segment Palisade Wall x1 |
| 6:36 | skik · wall_segment Palisade Wall x1 |
| 6:52 | Grand Nagus · first_building Barracks |
| 8:16 | Grand Nagus · age_up feudal |
| 8:19 | Grand Nagus · first_building Archery Range |
| 8:23 | Grand Nagus · wall_segment Palisade Wall x1 |
| 8:24 | Grand Nagus · wall_segment Palisade Wall x1 |
| 8:29 | Xyrr · wall_segment Palisade Wall x8 |
| 9:36 | skik · first_building Barracks |
| 9:45 | Anglo Nubian · first_building Barracks |
| 9:50 | Xyrr · wall_segment Palisade Wall x3 |
| 10:06 | skik · age_up feudal |
| 10:57 | Anglo Nubian · age_up feudal |
| 11:18 | skik · first_building Archery Range |
| 11:37 | Xyrr · age_up feudal |
| 12:30 | Xyrr · wall_segment Stone Wall x5 |
| 12:35 | Xyrr · wall_segment Stone Wall x1 |
| 13:11 | Anglo Nubian · first_building Stable |
| 15:11 | Xyrr · age_up castle |
| 15:15 | Xyrr · first_building Krepost |
| 16:43 | skik · wall_segment Stone Wall x14 |
| 17:14 | skik · wall_segment Stone Wall x1 |
| 17:51 | skik · wall_segment Stone Wall x1 |
| 18:55 | skik · wall_segment Stone Wall x5 |
| 19:02 | skik · wall_segment Stone Wall x1 |
| 19:28 | Grand Nagus · first_market_buy 100 food |
| 19:31 | Grand Nagus · first_market_sell 100 stone |
| 20:57 | skik · age_up castle |
| 22:15 | Anglo Nubian · age_up castle |
| 22:28 | Anglo Nubian · first_building Castle |
| 22:29 | Grand Nagus · age_up castle |
| 23:52 | Anglo Nubian · first_market_sell 100 food |
| 24:21 | Xyrr · wall_segment Stone Wall x1 |
| 24:22 | Xyrr · wall_segment Stone Wall x1 |
| 25:13 | Grand Nagus · first_building Siege Workshop |
| 26:26 | Xyrr · first_market_sell 100 food |
| 26:28 | Xyrr · first_market_buy 100 stone |
| 27:59 | Anglo Nubian · first_market_buy 100 food |
| 28:31 | Xyrr · first_building Castle |
| 28:37 | skik · first_market_buy 100 stone |
| 28:43 | Anglo Nubian · first_building Siege Workshop |
| 30:34 | skik · first_market_sell 100 food |
| 32:11 | Grand Nagus · resign |
[ AI ANALYSIS · 1 CREDIT ]
What really happened in this match?
Wolo.gg analyzes every decision: build order, eco, micro, common mistakes by bracket. Personalized analysis on WhatsApp or Discord in 30 seconds.
Civ guide
Franks
Perfil
Anglo Nubian